 Dungeon Crawl Stone Soup version 0.23.0-3-gf3c87f2 (webtiles) character file.

Game seed: 13056298189185913519

133 Borgoz the Skirmisher (level 5, 0/46 HPs)
             Began as a Ghoul Monk on Feb 22, 2019.
             Slain by an adder (5 damage)
             ... on level 5 of the Dungeon on Feb 23, 2019.
             The game lasted 00:05:49 (2471 turns).

Borgoz the Skirmisher (Ghoul Monk)                  Turns: 2471, Time: 00:05:50

Health: 0/46       AC:  4    Str: 15    XL:     5   Next: 16%
Magic:  4/4        EV: 13    Int:  5    God:
Gold:   148        SH:  0    Dex: 12    Spells: 4/4 levels left

rFire    . . .     SeeInvis .   a - +1 short sword
rCold    + . .     Gourm    .   (no shield)
rNeg     + + +     Faith    .   b - +0 robe
rPois    ∞         Spirit   .   (no helmet)
rElec    .         Reflect  .   e - +0 cloak
rCorr    .         Harm     .   h - +0 pair of gloves
MR       .....                  (no boots)
Stlth    ++........             (no amulet)
HPRegen  0.00/turn              (no ring)
MPRegen  0.09/turn              (no ring)

@: rotting
A: rotting body, claws 1, carnivore, cold resistance 1, negative energy
resistance 3, inhibited regeneration, torment resistance, unbreathing
a: no special abilities


You were on level 5 of the Dungeon.
You were not hungry.

You visited 1 branch of the dungeon, and saw 5 of its levels.

You collected 148 gold pieces.

Inventory:

Hand Weapons
 a - a +1 short sword (weapon)
Armour
 b - a +0 robe (worn)
 e - a +0 cloak (worn)
 h - a +0 pair of gloves (worn)
Scrolls
 d - 3 scrolls of enchant weapon
 g - 3 scrolls of teleportation {unknown}
 j - 5 scrolls of identify {unknown}
 m - a scroll of magic mapping {unknown}
 n - 4 scrolls of amnesia
 o - a scroll of remove curse {unknown}
 q - a scroll of immolation {unknown}
 s - a scroll of noise {unknown}
Potions
 i - a potion of mutation {unknown}
 k - a potion of haste
 l - a potion of ambrosia {unknown}
 p - a potion of brilliance {unknown}
 r - a potion of resistance
Comestibles
 c - 5 rations


   Skills:
 + Level 4.0 Fighting
 + Level 3.8 Short Blades
 + Level 3.4 Dodging
 + Level 3.1 Stealth


You had 4 spell levels left.
You didn't know any spells.
Your spell library was empty.

Dungeon Overview and Level Annotations

Branches:
Dungeon (5/15)
 Temple: D:4-7

Altars:

Annotations:
D:4 Ijyb


Innate Abilities, Weirdness & Mutations

Your body is rotting away.
You thrive on raw meat.
You are immune to poison.
You have sharp fingernails.
You are carnivorous and can eat meat at any time.
Your flesh is cold resistant. (rC+)
You are immune to negative energy. (rN+++)
You do not regenerate when monsters are visible.
You are immune to unholy pain and torment.
You can survive without breathing.


Message History

The crimson imp shouts!
The hound barks!
The crimson imp sputters.
The worm misses you. The quokka zombie barely misses you.
The gnoll closely misses you. The quokka zombie closely misses you.
The gnoll hits you but does no damage.
The quokka zombie bites you but does no damage.
An adder comes into view.
The adder hisses angrily.
The adder bites you but does no damage. The adder misses you.
The adder bites you but does no damage. The adder misses you.
The crimson imp picks up a beetle and eats it.
The adder bites you but does no damage.
Found an escape hatch in the ceiling.
A crimson imp comes into view.
The crimson imp blinks!
You hit the crimson imp.
The crimson imp is lightly wounded.
The hound bites you but does no damage. The adder bites you.
You die...

....5
.......
.......
.......
####......
.........
#5...#
#@...#
#Sh..#####
#Z........
#....#....
###...
#...w# <..
.....
###g.# ..
#.... #..#
#....
#####..#
#..[.
#...#..#


You could see a worm, a hound, a gnoll, 2 crimson imps, an adder and a quokka
zombie.

Vanquished Creatures
  3 gnolls
  An adder (D:2)
  An ooze (D:2)
  5 worms
  3 dart slugs
  2 leopard geckos
  4 orcs (D:3)
  2 ball pythons
  9 bats
  2 giant cockroaches
  6 goblins
  8 hobgoblins
  4 jackals
  5 kobolds
  A quokka (D:2)
  2 frilled lizards
  8 rats
66 creatures vanquished.

Notes
Turn   | Place    | Note
-------+----------+-------------------------------------------
     0 | D:1      | Borgoz the Ghoul Monk began the quest for the Orb.
     0 | D:1      | Reached XP level 1. HP: 19/19 MP: 0/0
   102 | D:1      | Reached XP level 2. HP: 24/26 MP: 1/1
   939 | D:2      | Reached XP level 3. HP: 29/31 MP: 2/2
  1267 | D:2      | Reached XP level 4. HP: 33/40 MP: 3/3
  2111 | D:4      | Noticed an ogre
  2141 | D:4      | Noticed Ijyb
  2302 | D:5      | Entered Level 5 of the Dungeon
  2307 | D:5      | Reached skill level 4 in Fighting
  2309 | D:5      | Reached XP level 5. HP: 46/46 MP: 4/4
  2471 | D:5      | Slain by an adder

Skill      XL: |  1  2  3  4 |
---------------+-------------+-----
Short Blades   | 3 |  3.8
Dodging        | 3 |  3.4
Fighting       | 4 |  4.0
Stealth        | 3 |  3.1

Action                   |  1- 3 |  4- 6 || total
-------------------------+-------+-------++-------
Melee: Short sword       |   131 |   136 ||   267
  Use: Potion            |     3 |       ||     3
       Scroll            |     1 |     1 ||     2
 Stab: Sleeping          |     4 |     8 ||    12
  Eat: Chunk             |    12 |    20 ||    32
Armor: Robe              |    49 |    44 ||    93
Dodge: Dodged            |   103 |   109 ||   212
